 Dungeon Crawl Stone Soup version 0.21.1-1-g345015f (webtiles) character file.

73 Fortress the Firebug (level 4, -5/30 HPs)
             Began as a Demonspawn Fire Elementalist on July 3, 2018.
             Slain by Glennnyy's ghost (13 damage)
             ... on level 3 of the Dungeon.
             The game lasted 00:10:30 (1589 turns).

Fortress the Firebug (Demonspawn Fire Elementalist) Turns: 1589, Time: 00:10:31

Health: -5/30      AC:  4    Str:  9    XL:     4   Next: 8%
Magic:  0/8        EV: 12    Int: 17    God:
Gold:   69         SH:  0    Dex: 13    Spells: 8/9 levels left

rFire    . . .     SeeInvis .   e - +0 dagger
rCold    . . .     Gourm    .   (no shield)
rNeg     . . .     Faith    .   a - +0 robe
rPois    .         Spirit   +   (no helmet)
rElec    .         Reflect  .   (no cloak)
rCorr    .         Harm     .   (no gloves)
MR       .....                  (no boots)
Stlth    ++........             l - amulet of guardian spirit
HPRegen  0.10/turn              (no ring)
MPRegen  0.11/turn              (no ring)

@: no status effects
A: yellow scales 1
a: no special abilities


You were on level 3 of the Dungeon.
You were not hungry.

You visited 1 branch of the dungeon, and saw 3 of its levels.

You collected 69 gold pieces.

Inventory:

Hand Weapons
 e - a +0 dagger (weapon)
Missiles
 d - 17 sling bullets
 g - 111 stones (quivered)
 m - 17 poisoned needles
Armour
 a - a +0 robe (worn)
Jewellery
 l - an amulet of guardian spirit (around neck)
Potions
 f - 2 potions of curing
 h - 2 potions of agility {unknown}
 i - a potion of magic {unknown}
Books
 b - a book of Flames

   Spells                             Type                      Level
   a - Flame Tongue                   Conjuration/Fire             1
   b - Throw Flame                    Conjuration/Fire             2
   c - Conjure Flame                  Conjuration/Fire             3
   d - Inner Flame                    Hexes/Fire                   3
   e - Sticky Flame                   Conjuration/Fire             4
   f - Fireball                       Conjuration/Fire             5
Comestibles
 c - 4 rations


   Skills:
 - Level 1.7 Dodging
 - Level 1.7 Stealth
 * Level 3.1 Spellcasting
 - Level 1.0 Conjurations
 + Level 3.7 Fire Magic


You had 8 spell levels left.
You knew the following spells:

 Your Spells              Type           Power        Failure   Level  Hunger
a - Flame Tongue          Conj/Fire      ##...        6%          1    None


Dungeon Overview and Level Annotations

Branches:
Dungeon (3/15)

Altars:

Annotations:
D:3 Glennnyy's ghost, amateur MiFi


Innate Abilities, Weirdness & Mutations

You are partially covered in yellow scales. (AC +2)


Message History

Glennnyy's ghost hits you!
Casting: Flame Tongue
Confirm with . or Enter, or press ? or * to list all spells.
Aiming: Flame Tongue
Press: ? - help, Shift-Dir - straight line, f/p - Glennnyy's ghost
Aim: Glennnyy's ghost (lightly damaged)
The flame tongue hits Glennnyy's ghost.
Glennnyy's ghost appears unharmed.
Glennnyy's ghost is lightly damaged.
Glennnyy's ghost hits you.
Casting: Flame Tongue
Confirm with . or Enter, or press ? or * to list all spells.
Aiming: Flame Tongue
Press: ? - help, Shift-Dir - straight line, f/p - Glennnyy's ghost
Aim: Glennnyy's ghost (lightly damaged)
The flame tongue hits Glennnyy's ghost.
Glennnyy's ghost appears unharmed.
Glennnyy's ghost is lightly damaged.
Glennnyy's ghost hits you!
* * * LOW HITPOINT WARNING * * *
Glennnyy's ghost hits you!
You die...

#####
#######...#
#####
......W@..#
#...
..........#
...
#.#......##
#.#
#r###..#
#<# .. #..#
..# ## #...
..# ..##
..# ... ..#


You could see Glennnyy's ghost and a rat.

Vanquished Creatures
  5 adders (D:2)
  A worm (D:2)
  A leopard gecko (D:2)
  5 ball pythons
  A giant cockroach (D:2)
  4 hobgoblins
  3 kobolds (D:2)
  2 bats (D:1)
  A frilled lizard (D:3)
  3 goblins (D:1)
  A rat (D:1)
27 creatures vanquished.

Notes
Turn   | Place    | Note
-------+----------+-------------------------------------------
     0 | D:1      | Fortress the Demonspawn Fire Elementalist began the quest for the Orb.
     0 | D:1      | Reached XP level 1. HP: 13/13 MP: 3/3
   363 | D:1      | Gained mutation: You are partially covered in yellow scales. (AC +2) [demonic ancestry]
   363 | D:1      | Reached XP level 2. HP: 19/19 MP: 3/5
   488 | D:1      | You fall through a shaft!
   694 | D:2      | Reached XP level 3. HP: 24/24 MP: 2/7
  1178 | D:2      | Reached XP level 4. HP: 4/30 MP: 0/8
  1584 | D:3      | Noticed Glennnyy's ghost (amateur MiFi)
  1589 | D:3      | Slain by Glennnyy's ghost

Skill      XL: |  1  2  3 |
---------------+----------+-----
Fire Magic     | 3 |  3.7
Spellcasting   | 3 |  3.1
Dodging        | |  1.7
Stealth        | |  1.7
Conjurations   | |  1.0

Action                   |  1- 3 |  4- 6 || total
-------------------------+-------+-------++-------
Melee: Unarmed           |     4 |       ||     4
       Dagger            |    22 |       ||    22
 Cast: Flame Tongue      |    48 |    13 ||    61
  Use: Scroll            |       |     3 ||     3
       Potion            |       |     1 ||     1
 Stab: Sleeping          |     1 |       ||     1
  Eat: Chunk             |     1 |     1 ||     2
Armor: Robe              |     7 |     1 ||     8
Dodge: Dodged            |    23 |     4 ||    27
